 Dungeon Crawl Stone Soup version 0.13.1-17-g0f9d4ff (webtiles) character file.

259 Chiseanne the Skirmisher (level 4, -7/45 HPs)
             Began as an Ogre Abyssal Knight on Dec 16, 2013.
             Was a Believer of Lugonu.
             Mangled by an orc priest
             ... wielding a -1,+1 orcish falchion
              (12 damage)
             ... on Level 3 of the Dungeon.
             The game lasted 00:05:10 (2240 turns).

Chiseanne the Skirmisher (Ogre Abyssal Knight)      Turns: 2240, Time: 00:05:10

HP  -7/45        AC  6     Str 17      XL: 4   Next: 91%
MP   5/5         EV 10     Int 11      God: Lugonu [**....]
Gold 149         SH  0     Dex 10      Spells:  0 memorised,  3 levels left

Res.Fire  : . . .   See Invis. : .   q - +2,+0 short sword (venom)
Res.Cold  : . . .   Warding    : .   b - +0 robe
Life Prot.: . . .   Conserve   : .   (shield restricted)
Res.Poison: .       Res.Corr.  : .   (helmet restricted)
Res.Elec. : .       Clarity    : .   (no cloak)
Sust.Abil.: . .     Spirit.Shd : .   (gloves unavailable)
Res.Mut.  : .       Stasis     : .   (boots unavailable)
Res.Rott. : .       Flight     : .   (no amulet)
Saprovore : + . .                    (no ring)
                                     j - +3 ring of protection

@: slightly resistant to hostile enchantments, unstealthy
A: unfitting armour, fast metabolism 1, saprovore 1, tough skin 1
a: Depart the Abyss, Bend Space, Renounce Religion


You were on level 3 of the Dungeon.
You worshipped Lugonu.
Lugonu was pleased with you.
You were very hungry.

You visited 1 branch of the dungeon, and saw 3 of its levels.
You visited the Abyss 1 time.

You collected 129 gold pieces.

Inventory:

Hand weapons
 a - a +2,+2 mace
 f - a +0 blowgun
 q - a +2,+0 short sword of venom (weapon)
Missiles
 s - 2 poisoned darts (quivered)
 u - 11 poisoned needles
Armour
 b - a +0 robe (worn)
Comestibles
 c - 5 meat rations
 m - a bread ration
 o - a cheese
Scrolls
 d - 7 scrolls of identify {unknown}
 e - 3 scrolls of enchant weapon II {unknown}
 g - a scroll of random uselessness {unknown}
 h - a scroll of blinking {unknown}
 i - a scroll of curse armour {unknown}
 k - a scroll of teleportation {unknown}
 l - a scroll of enchant armour {unknown}
 p - a scroll of remove curse {unknown}
 r - a scroll of enchant weapon I {unknown}
 t - a scroll of curse jewellery {unknown}
Jewellery
 j - a +3 ring of protection (left hand)
Potions
 n - 2 potions of heal wounds {unknown}
 v - a potion of restore abilities {unknown}
 w - 2 potions of mutation {unknown}


   Skills:
 * Level 4.9 Fighting
 * Level 0.3 Short Blades
 - Level 2.9 Maces & Flails
 * Level 3.7 Dodging
 * Level 2.4 Invocations


You had 3 spell levels left.
You didn't know any spells.

Dungeon Overview and Level Annotations

Branches:
Dungeon (3/27)

Altars:
Elyvilon

Annotations:
D:3 Sigmund


Innate Abilities, Weirdness & Mutations

You are too large for most types of armour.
You have a fast metabolism.
You can tolerate rotten meat.
You have tough skin (AC +1).


Message History

You are feeling very hungry.
An orc, an orc priest and an orc wizard come into view.
The orc shouts!
The orc wizard shouts!
The orc priest moves out of view.
The orc wizard casts a spell at you. The magic dart hits you!
The orc priest invokes the aid of Beogh against you.
Something smites you!
A kobold comes into view. It is wielding a club.
The kobold shouts!
The orc hits you with an orcish short sword!
The orc priest calls down the wrath of Beogh upon you.
Something smites you!
* * * LOW HITPOINT WARNING * * *
Sigmund comes into view.
He is wielding a scythe.
You hit the orc priest but do no damage.
The orc priest is poisoned.
The orc wizard misses you. The orc hits you but does no damage.
The orc priest hits you with an orcish falchion!
You die...

.............................#...
..###..#.#...................#...
....#..#.#.......................
....#..#.#.......................
....#..#.##..#####...............
.............# #....##...####..
.........[...#####....##...# #...
..................#....#...###...
..<............#@o#..........'...
......#...... #oo#......#####...
%..##.# . ....o@K................
...# .# ..##.............)...
....... ...................
......# ..o#...............#.
...#.... . #...............#.
..(..... ......[.........#.
...#... ..................


You could see Sigmund, an orc priest, an orc wizard, an orc and a kobold.

Vanquished Creatures
  Ijyb (D:3)
  3 adders
  A giant mite (D:3)
  2 worms (D:2)
  A giant gecko (D:1)
  An ooze (D:3)
  An orc (D:3)
  6 hobgoblins
  6 jackals
  4 kobolds
  A ball python (D:2)
  5 bats
  2 giant cockroaches (D:1)
  3 giant newts
  2 goblins
  5 rats
44 creatures vanquished.

Notes
Turn   | Place    | Note
--------------------------------------------------------------
     0 | Abyss:1  | Chiseanne, the Ogre Abyssal Knight, began the quest for the Orb.
     0 | Abyss:1  | Reached XP level 1. HP: 20/20 MP: 1/1
    14 | Abyss:1  | Noticed a large abomination
    29 | D:1      | Escaped the Abyss
   308 | D:1      | Acquired Lugonu's first power
   521 | D:1      | Reached XP level 2. HP: 29/29 MP: 2/2
   888 | D:1      | Reached XP level 3. HP: 34/36 MP: 4/4
  1035 | D:2      | Acquired Lugonu's second power
  1397 | D:2      | Found a white marble altar of Elyvilon.
  1942 | D:3      | Reached XP level 4. HP: 30/45 MP: 5/5
  2001 | D:3      | Noticed Ijyb
  2021 | D:3      | Killed Ijyb
  2240 | D:3      | Noticed Sigmund
  2240 | D:3      | Mangled by an orc priest

Action                   |  1- 3 |  4- 6 || total
-------------------------+-------+-------++-------
Melee: Mace              |    64 |       ||    64
       Short sword       |    55 |    52 ||   107
Invok: Depart the Abyss  |     1 |       ||     1
  Use: Potion            |       |     1 ||     1
